 Dungeon Crawl Stone Soup version 0.24.0-37-gcf1ca852f1 (webtiles) character file.

Game seed: 2758933524063878195, levelgen mode: deterministic

170 RobertDufert the Ruffian (level 5, -2/40 HPs)
             Began as a Draconian Transmuter on Nov 28, 2019.
             Slain by an ogre
             ... wielding a +0 giant club
              (7 damage)
             ... on level 5 of the Dungeon.
             The game lasted 00:20:45 (3142 turns).

RobertDufert the Ruffian (Draconian Transmuter)     Turns: 3142, Time: 00:20:45

Health: -2/40      AC:  6    Str: 12    XL:     5   Next: 26%
Magic:  9/9        EV: 12    Int: 15    God:
Gold:   132        SH:  0    Dex: 11    Spells: 7/10 levels left

rFire    . . .     SeeInvis +     - Unarmed
rCold    . . .     Gourm    .   (no shield)
rNeg     . . .     Faith    .   (armour unavailable)
rPois    .         Spirit   .   (helmet restricted)
rElec    .         Reflect  .   (no cloak)
rCorr    .         Harm     .   l - +0 pair of gloves
MR       +....     Rnd*Rage +   (no boots)
Stlth    +.........             (no amulet)
HPRegen  0.53/turn              b - ring of protection from magic
MPRegen  0.11/turn              i - ring of see invisible

@: berserk cooldown, slowed, very slow
A: unfitting armour, horns 1, berserk 1, regeneration 1, cold-blooded, AC +5
a: no special abilities


You were on level 5 of the Dungeon.
You were not hungry.

You visited 1 branch of the dungeon, and saw 5 of its levels.

You collected 132 gold pieces.

Inventory:

Missiles
 m - 18 bolts
 o - 5 poisoned darts (quivered)
Armour
 l - a +0 pair of gloves (worn)
Jewellery
 b - a ring of protection from magic (left hand)
 g - a cursed -3 ring of strength {unknown}
 i - a ring of see invisible (right hand)
Scrolls
 d - a scroll of noise {unknown}
 e - a scroll of amnesia
 f - 2 scrolls of immolation
 j - a scroll of fog {unknown}
 r - a scroll of teleportation {unknown}
 s - a scroll of remove curse
Potions
 h - a potion of berserk rage
 n - a potion of experience {unknown}
 p - a potion of flight
 q - 2 potions of curing
Comestibles
 c - 5 rations


   Skills:
 + Level 1.4 Fighting
 + Level 2.2 Dodging
 + Level 4.5 Unarmed Combat
 * Level 3.2 Spellcasting
 + Level 2.6 Transmutations


You had 7 spell levels left.
You knew the following spells:

 Your Spells              Type           Power        Failure   Level  Hunger
a - Beastly Appendage     Tmut           ##....       7%          1    #......
b - Sticks to Snakes      Tmut           ##......     10%         2    ##.....

Your spell library contained the following spells:

 Spells                   Type           Power        Failure   Level  Hunger
 Spider Form              Tmut/Pois      #.........   34%         3    ###....
 Ice Form                 Ice/Tmut       #.......     75%         4    #####..
 Blade Hands              Tmut           ##........   88%         5    ######.


Dungeon Overview and Level Annotations

Branches:
Dungeon (5/15)
 Temple: D:4-7

Altars:
Okawaru
Trog

Annotations:
D:4 1 runed translucent door, Menkaure; Robin; Sassenached's ghost, amateur DsWn
D:5 Grinder


Innate Abilities, Weirdness & Mutations

Your plain brown scales are hard. (AC +5)
You cannot fit into any form of body armour.
You are cold-blooded and may be slowed by cold attacks.
You have a pair of small horns on your head.
You tend to lose your temper in combat.
Your natural rate of healing is unusually fast.


Message History

You close the door.
An ogre opens the door.
You close the door.
An ogre opens the door.
A killer bee zombie comes into view.
The ogre barely misses you.
Found 8 stones.
Grinder blinks!
The ogre hits you with a +0 giant club!
Found a stone staircase leading up.
You hit the ogre.
The ogre is lightly wounded.
The ogre hits you with a +0 giant club!!
Ouch! That really hurt!
* * * LOW HITPOINT WARNING * * *
The ogre closely misses you. The ogre closely misses you.
Grinder says, "What is the universe for?"
The ogre hits you with a +0 giant club!
* * * LOW HITPOINT WARNING * * *
There is a stone staircase leading up here.
The ogre hits you with a +0 giant club!
You die...

#...##.....##..>..
#...##.....##5....
#..........#..)...
#..........#))....
#.........†'..)...
#(.....5...#......
##..5##.....##.....
#..O.##############
#.@...# #.....+
#.....# #....##
#....# #....#
##...# #...+


You could see Grinder and an ogre.

Vanquished Creatures
  2 orc wizards (D:5)
  A worker ant (D:4)
  An adder (D:3)
  2 oozes (D:3)
  A dart slug (D:3)
  3 leopard geckos
  7 orcs
  4 bats
  6 giant cockroaches
  11 goblins
  8 hobgoblins
  2 jackals (D:3)
  6 kobolds
  A quokka (D:2)
  3 frilled lizards
  5 rats
63 creatures vanquished.

Vanquished Creatures (collateral kills)
  An orc (D:3)
  A goblin (D:4)
  2 hobgoblins (D:4)
  A kobold (D:3)
5 creatures vanquished.

Grand Total: 68 creatures vanquished

Notes
Turn   | Place    | Note
-------+----------+-------------------------------------------
     0 | D:1      | RobertDufert the Draconian Transmuter began the quest for
                  | the Orb.
     0 | D:1      | Reached XP level 1. HP: 16/16 MP: 3/3
   557 | D:1      | Reached XP level 2. HP: 21/23 MP: 5/5
   561 | D:1      | Learned a level 2 spell: Sticks to Snakes
   771 | D:1      | Gained mutation: You tend to lose your temper in combat.
                  | [potion of mutation]
   771 | D:1      | Gained mutation: You have a pair of small horns on your
                  | head. [potion of mutation]
   771 | D:1      | Gained mutation: Your natural rate of healing is unusually
                  | fast. [potion of mutation]
  1448 | D:2      | Reached XP level 3. HP: 28/28 MP: 6/6
  1462 | D:2      | Found an iron altar of Okawaru.
  1768 | D:3      | Found a bloodstained altar of Trog.
  2403 | D:3      | Reached skill level 4 in Unarmed Combat
  2403 | D:3      | Reached XP level 4. HP: 35/35 MP: 8/8
  2499 | D:4      | Found a runed translucent door.
  2499 | D:4      | Noticed Sassenached's ghost (amateur DsWn)
  2700 | D:4      | Noticed Menkaure
  2949 | D:4      | Noticed Robin
  2952 | D:4      | Noticed an ogre
  3048 | D:5      | Entered Level 5 of the Dungeon
  3113 | D:5      | Reached XP level 5. HP: 40/40 MP: 9/9
  3121 | D:5      | Noticed Grinder
  3122 | D:5      | Noticed an ogre
  3142 | D:5      | Slain by an ogre

Levels and vault maps discovered:
D:1:      minmay_arrival_up_and_down, layout_basic
D:2:      layout_loops_ring, overflow_temple_1_default
D:3:      layout_rooms, lemuel_round_altar, minmay_misc_feat_doors,
          minmay_misc_feat_four_crosses
D:4:      layout_loops_cross, temple_green, hellmonk_ghost_happy_afterlife,
          uniq_robin, uniq_menkaure
D:5:      layout_gridville, old_standard_altar, first_ration, uniq_grinder

Skill      XL: |  1  2  3  4 |
---------------+-------------+-----
Dodging        | 2 |  2.2
Unarmed Combat | 4 |  4.5
Spellcasting   | 3 |  3.2
Fighting       | |  1.4
Transmutations | |  2.6

Action                   |  1- 3 |  4- 6 || total
-------------------------+-------+-------++-------
Melee: Unarmed           |   135 |    54 ||   189
       Tailslap          |    12 |     4 ||    16
       Headbutt          |     9 |     3 ||    12
       Kick              |     5 |       ||     5
       Punch             |     3 |       ||     3
 Cast: Beastly Appendage |    15 |       ||    15
       Sticks to Snakes  |     4 |     8 ||    12
  Use: Scroll            |     7 |     2 ||     9
       Potion            |     4 |       ||     4
 Stab: Sleeping          |     1 |       ||     1
  Eat: Chunk             |     5 |     1 ||     6
       Ration            |       |     1 ||     1
Armor: Skin              |    36 |     9 ||    45
Dodge: Dodged            |    86 |    41 ||   127
